 Seeded DCSS version 0.28.0-62-gf88900778d (webtiles) character file.

Game seed: 54321234 (custom seed)

90889 dudediamond6 the Bludgeoner (level 15, -4/141 HPs)
             Began as a Minotaur Berserker on Mar 3, 2022.
             Was a High Priest of Trog.
             Slain by a dire elephant simulacrum (8 damage)
             ... on level 6 of the Lair of Beasts on Feb 24, 2023.
             The game lasted 01:20:48 (19114 turns).

dudediamond6 the Bludgeoner (Minotaur Berserker)   Turns: 19114, Time: 01:20:48

Health: -4/141     AC: 14    Str: 24    XL:     15   Next: 53%
Magic:  14/14      EV: 22    Int:  4    God:    Trog [*****.]
Gold:   1068       SH:  0    Dex: 19    Spells: 14/14 levels left

rFire   . . .      SeeInvis .   d - +0 broad axe (flame)
rCold   . . .      Faith    .   (no shield)
rNeg    + . .      Spirit   .   J - +0 steam dragon scales
rPois   +          Reflect  .   Y - +1 hat of Resonance {+Inv rElec rN+ Stlth-}
rElec   +          Harm     .   (no cloak)
rCorr   .          Rampage  .   E - +2 pair of gloves
Will    +....                   f - +0 pair of boots of Midwinter {Dex+4}
Stlth   +.........              l - amulet of regeneration
HPRegen 1.13/turn               a - ring of poison resistance
MPRegen 0.14/turn               X - +4 ring of slaying

@: on berserk cooldown, slowed, very slow
A: horns 2, retaliatory headbutt
a: Renounce Religion, Evoke Invisibility, Berserk, Trog's Hand, Brothers in Arms


You were on level 6 of the Lair of Beasts.
You worshipped Trog.
Trog was extremely pleased with you.
You visited 2 branches of the dungeon, and saw 21 of its levels.
You visited the Abyss 1 time.
You also visited: Ossuary and Ice Cave.

You collected 1740 gold pieces.
You spent 672 gold pieces at shops.

Inventory:

Hand Weapons
 d - a +0 broad axe of flaming (weapon)
 o - a +3 vorpal demon whip
 r - a +0 executioner's axe of electrocution
 t - a +0 battleaxe of freezing
 y - the +1 mace of Anxiety {antimagic, Str+2 Dex+3}
   (You found it on level 6 of the Dungeon)

   It reduces the magical energy of the wielder, and disrupts the spells and
   magical abilities of those it strikes.
   Natural abilities and divine invocations are not affected.
   Str:       It affects your strength (+2).
   Dex:       It affects your dexterity (+3).
 A - the +9 war axe of Xom's Inspiration {freeze, rPois rF+}
   (You found it on level 13 of the Dungeon)

   It freezes those it strikes, dealing additional cold damage.
   It can also slow down cold-blooded creatures.
   rF:        It protects you from fire.
   rPois:     It protects you from poison.
 D - a +2 battleaxe of freezing
 Z - the +11 whip "Beastbane" {vorpal, rCorr Dex+3 Stlth+}
   (You found it on level 4 of the Lair of Beasts)

   It inflicts extra damage upon your enemies.
   Dex:       It affects your dexterity (+3).
   rCorr:     It protects you from acid and corrosion.
   Stlth:     It makes you more stealthy.
Missiles
 O - a throwing net
Armour
 f - the +0 pair of boots of Midwinter (worn) {Dex+4}
   (You found it on level 11 of the Dungeon)

   Dex:       It affects your dexterity (+4).
 j - +0 acid dragon scales
 E - a +2 pair of gloves (worn)
 J - +0 steam dragon scales (worn)
 P - a +2 plate armour
 Y - the +1 hat of Resonance (worn) {+Inv rElec rN+ Stlth-}
   (You found it on level 4 of the Lair of Beasts)

   rElec:     It insulates you from electricity.
   rN:        It protects you from negative energy.
   +Inv:      It lets you turn invisible.
   Stlth:     It makes you less stealthy.
Jewellery
 a - a ring of poison resistance (left hand)
 l - an amulet of regeneration (around neck)
 m - a +4 ring of protection
 p - a +6 ring of strength
 q - a +6 ring of strength
 s - a ring of willpower
 B - an amulet of magic regeneration
 G - a ring of ice
 T - a ring of resist corrosion
 X - a +4 ring of slaying (right hand)
Wands
 u - a wand of flame (20)
 H - a wand of digging (9)
 K - a wand of polymorph (4)
 N - a wand of iceblast (10)
 Q - a wand of paralysis (12)
 U - a wand of charming (4)
Scrolls
 b - a scroll of silence
 c - 3 scrolls of identify
 h - 6 scrolls of magic mapping
 k - 3 scrolls of blinking
 v - 2 scrolls of fog
 x - 5 scrolls of teleportation
 C - a scroll of fear
 M - 2 scrolls of enchant weapon
 S - 2 scrolls of holy word
 W - a scroll of enchant armour
Potions
 e - 3 potions of flight
 g - 5 potions of heal wounds
 i - 5 potions of haste
 n - 4 potions of might
 w - 7 potions of curing
 z - 2 potions of cancellation
 F - a potion of berserk rage
 I - 3 potions of lignification {unknown}
 L - a potion of experience {unknown}
 R - a potion of ambrosia


   Skills:
 + Level 15.6 Fighting
 - Level 11.8(16.2) Axes
 + Level 17.8(19.1) Maces & Flails
 + Level 15.3 Armour
 + Level 14.2 Dodging


You had 14 spell levels left.
You didn't know any spells.
Your spell library was empty.

Dungeon Overview and Level Annotations

Branches:
Dungeon (15/15)            Temple (0/1) D:7            Lair (6/6) D:11
  Swamp (0/4) Lair:2       Spider (0/4) Lair:3        Slime (0/5) Lair:6
    Orc (0/2) D:11         Vaults (0/5) D:14         Depths (0/4) D:15
Ossuary (visited)           IceCv (visited)

Altars:
Ashenzari
Dithmenos
Gozag
Hepliaklqana
Makhleb
Ru
Vehumet
Xom
Yredelemnul
Zin
Jiyva

Shops:
D:1 [   D:6 =[?(   D:8 [   D:11 [   D:13 [

Portals:
Trove: D:10 (give 5 potions of resistance)

Annotations:
D:3 3 runed translucent doors, demenzo's ghost, amateur DjGl


Innate Abilities, Weirdness & Mutations

You have a pair of horns on your head.
You reflexively headbutt those who attack you in melee.


Message History

You slice the dire elephant simulacrum!!
You melt the dire elephant simulacrum!
You headbutt the dire elephant simulacrum!
The dire elephant simulacrum is almost destroyed.
You slice the dire elephant simulacrum!!
You melt the dire elephant simulacrum.
The dire elephant simulacrum vaporises!
You are no longer berserk.
You are exhausted.
You feel yourself slow down.
You feel much better.
The dire elephant simulacrum tramples you but does no damage.
The dire elephant simulacrum barely misses you.
The dire elephant simulacrum completely misses you.
You furiously retaliate!
You headbutt the dire elephant simulacrum!
The dire elephant simulacrum vaporises!
You feel much better.
The dire elephant simulacrum misses you.
The dire elephant simulacrum barely misses you.
The dire elephant simulacrum tramples you!
You hold your ground!
The dire elephant simulacrum closely misses you.
The dire elephant simulacrum tramples you.
You hold your ground!
The dire elephant simulacrum trunk-slaps you.
The dire elephant simulacrum freezes you!!
* * * LOW HITPOINT WARNING * * *
You are too injured to fight recklessly!
You slash the dire elephant simulacrum!
You melt the dire elephant simulacrum!
You headbutt the dire elephant simulacrum, but do no damage.
The dire elephant simulacrum is moderately damaged.
You slash the dire elephant simulacrum!
You melt the dire elephant simulacrum.
The dire elephant simulacrum tramples you!!
* * * LOW HITPOINT WARNING * * *
You hold your ground!
The dire elephant simulacrum trunk-slaps you but does no damage.
The dire elephant simulacrum tramples you but does no damage.
The dire elephant simulacrum trunk-slaps you!
You die...

#####♣P......♣########'''########
##♣...P###.................#
#♣♣###P..#####8.⌠.8#####..
####.###≈.###8.8###YY###
####...P#≈≈≈≈.#######8YYp.#
#+#...P####.≈≈≈≈#8...8#?:...#
#.#.####.8#.≈≈≈≈'...$$#:$...#
#..P#.....'Z°Z≈≈'.../}#8....+
#8..#....8##@≈≈##8...8##PP.##
####''#''######### # .P#.P#.....#
..........## ♣........##
♣♣.#....## # ######


You could see 2 dire elephant simulacra.

Vanquished Creatures
  Rupert (Lair:5)
  Roxanne (D:14)
  A frost giant (IceCv)
  A balrug (Abyss:5)
  6 dire elephants (Lair:6)
  The ghost of cbfl8 the Severer, a journeyman MiBe of Trog (D:12)
  An ice dragon (D:14)
  Erolcha (D:13)
  6 centaur warriors
  4 boulder beetles
  6 hydras
  A dancing weapon (D:12)
  6 two-headed ogres
  8 death yaks
  A tengu warrior (D:13)
  2 sun demons (Abyss:5)
  A spectral death yak (Lair:6)
  A skeletal warrior (D:15)
  A spectral anaconda (Lair:6)
  5 bog bodies (Lair:2)
  3 large abominations (D:11)
  A flayed ghost (D:15)
  3 lindwurms (Lair:4)
  3 necromancers (Lair:6)
  A wizard (D:11)
  A deep elf pyromancer (D:14)
  2 ugly things
  A wolf spider (Lair:3)
  2 cyclopes
  12 elephants
  An apocalypse crab (Abyss:5)
  An ice statue (IceCv)
  7 black mambas
  Maggie (D:10)
  7 cane toads
  7 rime drakes
  10 komodo dragons
  2 unseen horrors
  A kobold demonologist (D:13)
  A tengu conjurer (D:13)
  2 freezing wraiths (D:14)
  6 polar bears
  5 trolls
  A tarantella (Lair:4)
  A spectral elephant (Lair:6)
  40 blink frogs
  2 meliai zombies (D:12)
  4 raiju
  2 jumping spiders (Lair:4)
  5 wraiths
  8 wyverns
  A vampire (D:9)
  2 culicivoras (Lair:3)
  A basilisk (Lair:6)
  45 yaks
  Menkaure (D:7)
  2 steam dragons (D:9)
  6 vampire mosquitoes
  3 redbacks
  A swamp worm (Lair:2)
  2 acid dragons
  11 water moccasins
  Duvessa (D:7)
  3 orc warriors
  2 ice beasts
  2 sky beasts (D:6)
  An elephant zombie (Lair:6)
  A black bear (D:8)
  59 wolves
  6 ogres
  2 necrophages
  19 centaurs
  2 phantoms
  14 bullfrogs
  A gnoll sergeant (D:6)
  4 elf zombies (Ossuary)
  4 scorpions
  Dowan (D:7)
  14 killer bees
  3 wights (D:7)
  3 howler monkeys (D:9)
  2 electric eels (Lair:2)
  5 lava snakes
  A bullfrog zombie (D:6)
  A crimson imp (D:5)
  9 centaur zombies
  5 hounds
  2 jellies
  A human zombie (Ossuary)
  3 orc priests
  5 centaur skeletons
  3 iguanas
  4 orc wizards
  6 hell rats (Lair:3)
  10 small abominations
  A killer bee zombie (D:6)
  2 hound skeletons (D:4)
  3 mummies
  A howler monkey zombie (D:8)
  A howler monkey skeleton (D:6)
  10 adders
  2 river rats (D:4)
  12 white imps (Lair:6)
  2 ufetubi
  An adder skeleton (D:5)
  2 adder zombies
  2 worms
  2 dart slugs
  22 orcs
  4 bats
  7 endoplasms
  A giant cockroach (D:4)
  4 goblins
  6 hobgoblins
  3 jackals (D:4)
  8 kobolds
  4 quokkas
  12 ball pythons
  2 frilled lizards
  9 hobgoblin zombies (Ossuary)
  A jackal zombie (Ossuary)
  10 kobold zombies (Ossuary)
  10 orc zombies (Ossuary)
  7 rats
  A rat zombie (Ossuary)
624 creatures vanquished.

Vanquished Creatures (others)
  8 fungi
  A lurking horror (Abyss:2)
  13 plants
  3 starspawn tentacles (Abyss:5)
  22 withered plants
47 creatures vanquished.

Grand Total: 671 creatures vanquished

Notes
Turn   | Place    | Note
-------+----------+-------------------------------------------
     0 | D:1      | dudediamond6 the Minotaur Berserker began the quest for the
                  | Orb.
     0 | D:1      | Reached XP level 1. HP: 19/19 MP: 0/0
   157 | D:1      | Reached skill level 4 in Maces & Flails
   209 | D:1      | Found Weporr's Armour Emporium.
   215 | D:1      | Reached XP level 2. HP: 23/26 MP: 1/1
   284 | D:1      | Found a faded altar of an unknown god.
   431 | D:1      | Reached skill level 5 in Maces & Flails
   650 | D:2      | Reached XP level 3. HP: 31/31 MP: 2/2
   779 | D:2      | Found a hazy altar of Hepliaklqana.
   797 | D:2      | Reached ** piety under Trog
   851 | D:2      | Reached skill level 6 in Maces & Flails
   851 | D:2      | Reached XP level 4. HP: 39/39 MP: 3/3
  1364 | D:3      | Noticed demenzo's ghost (amateur DjGl)
  1397 | D:3      | Found a runed translucent gate.
  1397 | D:3      | Found a runed translucent gate.
  1397 | D:3      | Found a runed translucent gate.
  1951 | D:3      | Reached skill level 7 in Maces & Flails
  1951 | D:3      | Reached XP level 5. HP: 39/45 MP: 4/4
  1962 | D:3      | Found a sacrificial altar of Ru.
  2108 | D:4      | Noticed a centaur
  2115 | D:4      | Killed a centaur
  2154 | D:4      | Found a sand-covered staircase.
  2160 | Ossuary  | Entered an ossuary
  2274 | Ossuary  | Reached skill level 8 in Maces & Flails
  2274 | Ossuary  | Reached XP level 6. HP: 51/51 MP: 5/5
  2297 | Ossuary  | Reached skill level 9 in Maces & Flails
  2343 | Ossuary  | Reached XP level 7. HP: 57/57 MP: 6/6
  2429 | D:4      | Reached skill level 10 in Maces & Flails
  2478 | D:4      | Reached *** piety under Trog
  2738 | D:4      | Found the +4 dagger "Morg" {pain, Will+ Int+5}
  3156 | D:5      | Entered Level 5 of the Dungeon
  3203 | D:5      | Reached XP level 8. HP: 56/67 MP: 7/7
  3228 | D:5      | Reached skill level 5 in Fighting
  3608 | D:5      | Found a glowing silver altar of Zin.
  3608 | D:5      | Found a shadowy altar of Dithmenos.
  3617 | D:5      | Found an opulent altar of Gozag.
  3628 | D:5      | Reached skill level 11 in Maces & Flails
  3628 | D:5      | Reached skill level 5 in Armour
  3628 | D:5      | Found a radiant altar of Vehumet.
  3633 | D:5      | Found a basalt altar of Yredelemnul.
  3639 | D:5      | Reached skill level 5 in Dodging
  3873 | D:5      | Found a burning altar of Makhleb.
  3979 | D:6      | Reached XP level 9. HP: 77/77 MP: 8/8
  4064 | D:6      | Found Sall's Antique Weapon Emporium.
  4064 | D:6      | Found Usiograr's Magic Scroll Shoppe.
  4218 | D:6      | Identified the +1 mace of Anxiety {antimagic, Str+2 Dex+3}
  4220 | D:6      | Noticed a two-headed ogre
  4265 | D:6      | Killed a two-headed ogre
  4266 | D:6      | Reached skill level 12 in Maces & Flails
  4290 | D:6      | Found Vurgh's Jewellery Emporium.
  4400 | D:6      | Reached XP level 10. HP: 87/88 MP: 3/9
  4508 | D:6      | Found Weistrif's Armour Shoppe.
  4851 | D:7      | Found a staircase to the Ecumenical Temple.
  4935 | D:7      | Noticed Menkaure
  4944 | D:7      | Killed Menkaure
  4993 | D:7      | Noticed Dowan
  4995 | D:7      | Noticed Duvessa
  4999 | D:7      | Killed Dowan
  5005 | D:7      | Killed Duvessa
  5426 | D:8      | Found a broken altar of Ashenzari.
  5448 | D:8      | Noticed a two-headed ogre
  5455 | D:8      | Killed a two-headed ogre
  5625 | D:8      | Reached skill level 13 in Maces & Flails
  5835 | D:8      | Found Haymon's Dragon-Slaying Spoils.
  6889 | D:10     | Entered Level 10 of the Dungeon
  6889 | D:10     | Noticed Maggie
  6897 | D:10     | Killed Maggie
  6909 | D:10     | Found a portal to a secret trove of treasure.
  6939 | D:10     | Reached XP level 11. HP: 99/99 MP: 3/10
  7652 | D:10     | Noticed a two-headed ogre
  7662 | D:10     | Killed a two-headed ogre
  7663 | D:10     | Reached skill level 10 in Fighting
  7749 | D:10     | Noticed a two-headed ogre
  7754 | D:10     | Killed a two-headed ogre
  8046 | D:11     | Noticed a boulder beetle
  8058 | D:10     | Reached skill level 10 in Armour
  8216 | D:11     | Found a staircase to the Orcish Mines.
  8250 | D:11     | Found a staircase to the Lair.
  8327 | D:11     | Reached skill level 14 in Maces & Flails
  8358 | D:11     | Killed a boulder beetle
  8457 | D:11     | Noticed a wizard
  8458 | D:11     | Cast into level 2 of the Abyss (a wizard)
  8459 | Abyss:2  | Found a corrupted altar of Lugonu.
  8658 | Abyss:2  | Noticed a large abomination
  8710 | Abyss:5  | Entered Level 5 of the Abyss
  8781 | Abyss:5  | Noticed a wretched star
  8793 | Abyss:5  | Noticed a tentacled starspawn
  8798 | Abyss:5  | Noticed a hellephant
  8811 | Abyss:5  | Noticed a tentacled starspawn
  8816 | Abyss:5  | Noticed a tentacled starspawn
  8816 | Abyss:5  | Noticed a dire elephant
  8817 | Abyss:5  | Noticed a purple draconian shifter
  8817 | Abyss:5  | Noticed a dire elephant
  8817 | Abyss:5  | Noticed a dire elephant
  8819 | Abyss:5  | Noticed a balrug
  8820 | Abyss:5  | Noticed a sun demon
  8821 | Abyss:5  | Noticed a sun demon
  8822 | Abyss:5  | Noticed a hellephant
  8845 | Abyss:5  | Killed a sun demon
  8848 | Abyss:5  | Killed a sun demon
  8854 | Abyss:5  | Killed a balrug
  8855 | Abyss:5  | Noticed a spatial maelstrom
  8861 | D:11     | Escaped the Abyss
  8869 | D:11     | Killed a wizard
  8876 | D:11     | Noticed a large abomination
  8901 | D:11     | Killed a large abomination
  9061 | D:6      | Bought a scroll of brand weapon for 240 gold pieces
  9061 | D:6      | Bought a scroll of enchant weapon for 90 gold pieces
  9061 | D:6      | Bought a scroll of enchant weapon for 90 gold pieces
  9061 | D:6      | Bought a scroll of teleportation for 36 gold pieces
  9061 | D:6      | Bought a scroll of enchant armour for 90 gold pieces
  9061 | D:6      | Bought a scroll of teleportation for 36 gold pieces
  9061 | D:6      | Bought a scroll of enchant armour for 90 gold pieces
  9071 | D:6      | Upgraded the game from 0.28.0-43-g3370ac3207 to
                  | 0.28.0-62-gf88900778d
  9250 | D:11     | Noticed a four-headed hydra
  9258 | D:11     | Killed a four-headed hydra
  9259 | D:11     | Reached skill level 10 in Dodging
  9514 | D:11     | Found Bylif's Antique Armour Boutique.
  9630 | D:11     | Identified the +0 pair of boots of Midwinter {Dex+4}
  9971 | D:12     | Reached XP level 12. HP: 104/110 MP: 11/11
 10438 | D:12     | Found a runed translucent door.
 10439 | D:12     | Found a shimmering altar of Xom.
 10439 | D:12     | Noticed cbfl8's ghost (journeyman MiBe)
 10811 | D:12     | Killed cbfl8's ghost
 10820 | D:12     | Reached skill level 15 in Maces & Flails
 10854 | D:13     | Noticed a centaur warrior
 10878 | D:13     | Killed a centaur warrior
 11006 | D:13     | Noticed a tengu warrior
 11016 | D:13     | Killed a tengu warrior
 11076 | D:13     | Noticed Erolcha
 11086 | D:13     | Killed Erolcha
 11155 | D:13     | Noticed a two-headed ogre
 11158 | D:13     | Found Nachorphi's Armour Emporium.
 11161 | D:13     | Killed a two-headed ogre
 11244 | D:13     | Noticed a two-headed ogre
 11251 | D:13     | Killed a two-headed ogre
 11509 | D:13     | Identified the +9 war axe of Xom's Inspiration {freeze,
                  | rPois rF+}
 11647 | D:13     | Noticed a centaur warrior
 11653 | D:13     | Killed a centaur warrior
 11654 | D:13     | Reached skill level 1 in Axes
 12044 | D:14     | Noticed a centaur warrior
 12052 | D:14     | Killed a centaur warrior
 12090 | D:14     | Identified Roxanne's Catalogue of Transmutation
 12090 | D:14     | Noticed Roxanne
 12116 | D:14     | Killed Roxanne
 12117 | D:14     | Reached XP level 13. HP: 76/119 MP: 12/12
 12333 | D:14     | Reached **** piety under Trog
 12495 | D:14     | Found a gate to the Vaults.
 12553 | D:15     | Entered Level 15 of the Dungeon
 12561 | D:15     | Reached skill level 5 in Axes
 12600 | D:15     | Found a staircase to the Depths.
 12727 | Lair:1   | Entered Level 1 of the Lair of Beasts
 13360 | Lair:1   | Reached skill level 16 in Maces & Flails
 14157 | Lair:2   | Reached ***** piety under Trog
 14738 | Lair:2   | Reached XP level 14. HP: 91/130 MP: 13/13
 14816 | Lair:2   | Found a staircase to the Swamp.
 15021 | Lair:3   | Found a hole to the Spider Nest.
 15216 | Lair:3   | Received a gift from Trog
 15784 | Lair:4   | Found a runed translucent door.
 16496 | Lair:4   | Identified the +1 hat of Resonance {+Inv rElec rN+ Stlth-}
 16499 | Lair:4   | Identified the +11 whip "Beastbane" {vorpal, rCorr Dex+3
                  | Stlth+}
 16513 | Lair:4   | Found a runed translucent gate.
 16513 | Lair:4   | Found a runed translucent gate.
 16513 | Lair:4   | Found a runed translucent gate.
 16513 | Lair:4   | Found a runed translucent gate.
 16513 | Lair:4   | Found a runed translucent gate.
 16513 | Lair:4   | Found a runed translucent gate.
 16772 | Lair:4   | Reached skill level 10 in Axes
 16817 | Lair:4   | Identified the ring "Refaygott" {rF- rN+ Int+2 Dex+6}
 17195 | Lair:5   | Noticed Rupert
 17207 | Lair:5   | Killed Rupert
 17208 | Lair:5   | Reached skill level 17 in Maces & Flails
 17720 | Lair:6   | Entered Level 6 of the Lair of Beasts
 17931 | Lair:6   | Found a viscous altar of Jiyva.
 17931 | Lair:6   | Found a staircase to the Slime Pits.
 17962 | Lair:6   | Found a frozen archway.
 17985 | IceCv    | Entered an ice cave
 17993 | IceCv    | Reached XP level 15. HP: 136/139 MP: 14/14
 18266 | IceCv    | Reached skill level 15 in Fighting
 18429 | IceCv    | Noticed a frost giant
 18439 | IceCv    | Identified the +12 dire flail "Gaublet" {vorpal, rCorr
                  | Dex+4} (Trog gifted it to you in an ice cave)
 18439 | IceCv    | Received a gift from Trog
 18447 | IceCv    | Killed a frost giant
 18630 | Lair:6   | Identified the +5 hand axe of Urafacze {vorpal, rF+}
 18659 | Lair:6   | Reached skill level 15 in Armour
 19107 | Lair:6   | HP: 1/211 [dire elephant simulacrum (23)]
 19114 | Lair:6   | HP: 4/141 [dire elephant simulacrum (18)]
 19114 | Lair:6   | Slain by a dire elephant simulacrum

Illustrated notes

Levels and vault maps discovered:
D:1:      dpeg_arrival_ternary, layout_rooms,
          hellmonk_ecumenical_altar_crossroads, serial_shops,
          nicolae_shop_competitors_out_of_business,
          ebering_dispersal_statue_hall
D:2:      layout_rooms, basic_altar, minmay_divided_ellipse
D:3:      layout_loops_corners, mainiacjoe_overflow_small_starburst,
          gammafunk_ghost_icy
D:4:      layout_basic, portal_sewer_entry_b, nicolae_ossuary_entry_plus
D:5:      layout_loops_ring, makhleb_grotto_becter,
          chequers_temple_overflow_minitemple
D:6:      cheibrodos_fzero, layout_rooms, serial_shops,
          nicolae_shop_advertising_works [nicolae_subvault_shop_adworks],
          nicolae_shop_stone, nicolae_shop_stone, nicolae_square_shop
D:7:      layout_basic, minmay_temple_entry_mini_moons, uniq_duvessa,
          uniq_menkaure
D:8:      layout_basic, mainiacjoe_overflow_surrounded_room,
          chequers_serial_rivers_small_3, nicolae_shop_dragon_depot,
          hangedman_decor_opposing
D:9:      layout_irregular_city, nzn_life_drinkers
D:10:     layout_cave_pods, nicolae_trove_entry_isolated, dk_noncrumbling_3,
          uniq_maggie
D:11:     layout_cave_pools, david_lair_shrubbed, orc_0_dummy, serial_shops,
          nicolae_shop_statue_plus, laboratory
D:12:     layout_basic, ebering_ghost_xom, serial_undead, serial_undead_e,
          serial_undead_a, serial_undead_b, serial_undead_e
D:13:     layout_loops_ring, serial_shops, nicolae_diamond_shop, uniq_erolcha
D:14:     layout_roguey, david_vaults_4, vehumet_crystals,
          lemuel_flamethrower_hall, uniq_kirke, uniq_roxanne
D:15:     gammafunk_depths_entry_grave, layout_irregular_city,
          gammafunk_ghost_fury_of_okawaru, minmay_misc_feat_pillars
Lair:1:   layout_small_grid, serial_forest, infiniplex_forest_straight_5,
          infiniplex_forest_lined_3, infiniplex_forest_join,
          infiniplex_forest_end_1, infiniplex_forest_zigzag_1,
          infiniplex_forest_zigzag_2, infiniplex_forest_lined_corner,
          infiniplex_forest_straight_3
Lair:2:   layout_regular_city, nicolae_swamp_entry_splash_gauntlet,
          grunt_forest_large_clearings
Lair:3:   layout_long_grid, spider_nest_entry_funnel_web, grunt_megastairs_4
Lair:4:   gammafunk_indiana_jones, layout_regular_city, lemuel_fruit_fields,
          lemuel_fruit_tree
Lair:5:   layout_gridlike, uniq_rupert
Lair:6:   due_jungle_book, layout_gridlike, dpeg_slime_entry_enclosed_altar,
          portal_ice_cave_entry_imps

Skill      XL: |  1  2  3  4  5  6  7  8  9 10 11 12 13 14 15 |
---------------+----------------------------------------------+-----
Maces & Flails | 4 5 6 7 8 9 10 11 12 13 14 15 16 17 | 17.8
Fighting       | 4 6 8 9 11 12 13 14 15 | 15.6
Armour         | 3 5 7 9 11 12 13 14 15 | 15.3
Dodging        | 3 5 6 8 10 11 12 13 14 | 14.2
Axes           | 3 8 11 | 11.8

Action                   |  1- 3 |  4- 6 |  7- 9 | 10-12 | 13-15 || total
-------------------------+-------+-------+-------+-------+-------++-------
Melee: Mace              |    52 |   158 |   265 |   379 |    11 ||   865
       Headbutt          |     7 |    35 |    40 |   174 |   178 ||   434
       Punch             |       |     2 |     7 |     7 |    12 ||    28
       Demon whip        |       |       |       |   207 |       ||   207
       War axe           |       |       |       |    43 |   374 ||   417
       Broad axe         |       |       |       |       |   301 ||   301
Invok: Berserk           |     1 |     4 |     7 |    23 |    14 ||    49
       Trog's Hand       |       |     4 |     8 |    16 |     5 ||    33
Evoke: Wand              |       |       |       |     5 |       ||     5
  Use: Scroll            |       |     4 |     8 |    28 |     3 ||    43
       Potion            |       |     1 |     2 |     5 |     3 ||    11
Armor: Ring mail         |    33 |    77 |   158 |       |       ||   268
       Scale mail        |       |       |     6 |   217 |       ||   223
       Plate armour      |       |       |       |   258 |   260 ||   518
       Steam dragon scal |       |       |       |       |    67 ||    67
Dodge: Dodged            |    25 |    83 |   187 |   458 |   616 ||  1369
